 Dungeon Crawl Stone Soup version 0.19.0-19-g8c6edcc (webtiles) character file.

108 Rrauwl the Gusty (level 4, -2/25 HPs)
             Began as a Tengu Air Elementalist on Nov 14, 2016.
             Slain by a gnoll shaman
             ... wielding a +0 whip
              (4 damage)
             ... on level 3 of the Dungeon.
             The game lasted 00:19:11 (2132 turns).

Rrauwl the Gusty (Tengu Air Elementalist)           Turns: 2132, Time: 00:19:11

Health: -2/25      AC:  2    Str:  9    XL:     4   Next: 87%
Magic:  0/8        EV: 13    Int: 16    God:
Gold:   46         SH:  0    Dex: 14    Spells: 1 memorised, 7 levels left

rFire  . . .     SeeInvis +     f - +1 short sword
rCold  . . .     Gourm    .     a - +0 robe
rNeg   . . .     Faith    .     (no shield)
rPois  .         Spirit   .     (helmet restricted)
rElec  .         Reflect  .     (no cloak)
rCorr  .         Harm     .     (no gloves)
MR     .....                    (boots unavailable)
Stlth  +.........               (no amulet)
                                i - ring of stealth
                                g - ring of see invisible

@: glowing
A: beak, talons 3
a: no special abilities


You were on level 3 of the Dungeon.
You were not hungry.

You visited 1 branch of the dungeon, and saw 3 of its levels.

You collected 46 gold pieces.

Inventory:

Hand Weapons
 f - a +1 short sword (weapon)
Armour
 a - a +0 robe (worn)
Jewellery
 g - a ring of see invisible (left hand)
 i - a ring of stealth (right hand)
Scrolls
 k - 3 scrolls of remove curse
 l - a scroll of identify
 m - a scroll of amnesia
Potions
 e - a potion of curing
 o - a potion of berserk rage
Books
 b - a book of Air

   Spells                             Type                      Level
   a - Shock                          Conjuration/Air              1
   b - Swiftness                      Charms/Air                   2
   c - Repel Missiles                 Charms/Air                   2
   d - Static Discharge               Conjuration/Air              3
   e - Lightning Bolt                 Conjuration/Air              5
Comestibles
 c - a bread ration
 d - a beef jerky
 h - 3 meat rations
 n - a fruit


   Skills:
 + Level 1.1 Fighting
 + Level 2.0 Short Blades
 + Level 2.9 Dodging
 - Level 2.0 Stealth
 + Level 2.5 Spellcasting
 + Level 2.3 Conjurations
 + Level 4.9 Air Magic


You had 7 spell levels left.
You knew the following spells:

 Your Spells              Type           Power        Failure   Level  Hunger
a - Shock                 Conj/Air       ##..         6%          1    #......


Dungeon Overview and Level Annotations

Branches:
Dungeon (3/15)

Altars:
Uskayaw


Innate Abilities, Weirdness & Mutations

You have a beak for a mouth.
You have claws for feet.


Message History

The gnoll shaman hits you but does no damage.
You hit the gnoll shaman. Your kick misses the gnoll shaman.
The gnoll shaman is heavily wounded.
The gnoll shaman closely misses you.
Casting: Shock
Confirm with . or Enter, or press ? or * to list all spells.
Aiming: Shock
Press: ? - help, Shift-Dir - straight line, f/p - gnoll shaman
Aim: a gnoll shaman, wielding a whip and wearing a leather armour (heavily wounded)
The zap hits the gnoll shaman.
The gnoll shaman appears unharmed.
The gnoll shaman is heavily wounded.
The zap hits the gnoll shaman.
The gnoll shaman appears unharmed.
The gnoll shaman is heavily wounded.
The gnoll shaman hits you with a whip.
* * * LOW HITPOINT WARNING * * *
You hit the gnoll shaman but do no damage.
Your kick misses the gnoll shaman.
The gnoll shaman is heavily wounded.
The gnoll shaman hits you with a whip.
You die...

### #.# ### #.#
#.#### #.# #.##.# ###
#.# ##'##.###.# #.#
.......##.####.######
................@g..#
.............#.###..#
...........).#.# #..#
+#.....g.....#.# #..#
..>............. #..#
......###'####..##..#
....... .......##..#
....... .......##..#
......
..K....##..####


You could see a gnoll shaman.

Vanquished Creatures
  3 adders (D:2)
  2 gnolls (D:3)
  2 worms (D:2)
  A dart slug (D:2)
  A leopard gecko (D:1)
  An orc (D:3)
  A giant cockroach (D:2)
  3 goblins
  4 hobgoblins
  13 jackals (D:3)
  2 bats
  2 frilled lizards
  10 kobolds
  6 rats
51 creatures vanquished.

Notes
Turn   | Place    | Note
-------+----------+-------------------------------------------
     0 | D:1      | Rrauwl the Tengu Air Elementalist began the quest for the Orb.
     0 | D:1      | Reached XP level 1. HP: 10/10 MP: 4/4
   284 | D:1      | Reached XP level 2. HP: 9/15 MP: 1/6
   798 | D:1      | Learned a level 1 spell: Shock
   995 | D:2      | Reached XP level 3. HP: 13/19 MP: 1/7
  1047 | D:2      | Reached skill level 1 in Short Blades
  1360 | D:2      | Found a hide-covered altar of Uskayaw.
  1431 | D:2      | Reached XP level 4. HP: 24/24 MP: 4/8
  1907 | D:3      | Reached skill level 1 in Fighting
  2132 | D:3      | Slain by a gnoll shaman

Skill      XL: |  1  2  3  4 |
---------------+-------------+-----
Conjurations   | 2 |  2.3
Short Blades   | 1 2 |  2.0
Fighting       | 1 |  1.1
Dodging        | |  2.9
Stealth        | |  2.0
Spellcasting   | |  2.5
Air Magic      | |  4.9

Action                   |  1- 3 |  4- 6 || total
-------------------------+-------+-------++-------
Melee: Short sword       |    18 |    31 ||    49
       Peck              |     1 |     5 ||     6
       Unarmed           |     1 |       ||     1
       Kick              |     1 |     5 ||     6
 Cast: Shock             |    53 |    47 ||   100
  Use: Scroll            |     7 |       ||     7
       Potion            |     3 |     1 ||     4
  Eat: Chunk             |     2 |     3 ||     5
Armor: Robe              |     2 |     8 ||    10
Dodge: Dodged            |    22 |    36 ||    58
